 Dungeon Crawl Stone Soup version 0.30-a0-723-gc1506a1cf0 (webtiles) character file.

Game seed: 15114546701884971750

3 sircluck the Slasher (level 1, 0/21 HPs)
             Began as a Naga Berserker on Jan 28, 2023.
             Was a Follower of Trog.
             Slain by a hobgoblin (3 damage)
             ... on level 1 of the Dungeon.
             The game lasted 00:00:34 (182 turns).

sircluck the Slasher (Naga Berserker)                Turns: 182, Time: 00:00:35

Health: 0/21       AC:  1    Str: 19    XL:     1   Next: 50%
Magic:  1/1        EV:  9    Int:  7    God:    Trog [*.....]
Gold:   6          SH:  0    Dex: 10    Spells: 0/0 levels left

rFire   . . .      SeeInvis +    a - +0 falchion
rCold   . . .      Faith    .    (no shield)
rNeg    . . .      Spirit   .    c - +0 robe
rPois   +          Reflect  .    (no helmet)
rElec   .          Harm     .    (no cloak)
rCorr   .          Rampage  .    (no gloves)
Will    .....                    (no barding)
Stlth   +                        (no amulet)
HPRegen 0.23/turn                (no ring)
MPRegen 0.07/turn                (no ring)

@: very slow
A: AC +0, large, see invisible, deformed body, poison resistance, slowness 2,
spit poison 1, naga tail 1
a: Spit Poison, Renounce Religion, Berserk


You were on level 1 of the Dungeon.
You worshipped Trog.
Trog was aware of your devotion.
You visited 1 branch of the dungeon, and saw 1 of its levels.

You collected 6 gold pieces.

Inventory:

Hand Weapons
 a - a +0 falchion (weapon)
Armour
 b - a +0 animal skin
 c - a +0 robe (worn)
Potions
 d - a potion of might {unknown}


   Skills:
 + Level 3.0 Fighting
 + Level 3.1 Long Blades
 + Level 1.6 Armour
 + Level 1.6 Dodging


You couldn't memorise any spells.
You didn't know any spells.
Your spell library was empty.

Dungeon Overview and Level Annotations

Branches:
Dungeon (1/15)

Altars:


Innate Abilities, Weirdness & Mutations

Your serpentine skin is tough. (AC +0)
You have supernaturally acute eyesight. (SInv)
Armour fits poorly on your strangely shaped body.
Your system is resistant to poisons. (rPois)
You cover ground very slowly.
You can spit poison.
You have a snake-like lower body.


Message History

Found 6 gold pieces.
You now have 6 gold pieces.
Found a stone staircase leading down.
A goblin comes into view. It is wielding a +0 club.
A hobgoblin comes into view.
Found 6 gold pieces.
The goblin shouts!
You closely miss the goblin. The goblin closely misses you.
You closely miss the goblin. The goblin hits you with a +0 club.
You hit the goblin.
The goblin is severely wounded.
The hobgoblin barely misses you. The goblin hits you with a +0 club.
You barely miss the goblin.
The goblin is severely wounded.
The hobgoblin barely misses you. The goblin hits you with a +0 club.
You hit the goblin.
You kill the goblin!
Trog accepts your kill. The hobgoblin barely misses you.
Found a scroll labelled ARUMOE WIMEI.
The hobgoblin hits you. The hobgoblin barely misses you.
Things that are here:
a +0 club; a goblin corpse The hobgoblin attacks as you move away!
The hobgoblin misses you. The hobgoblin hits you. The hobgoblin hits you.
The hobgoblin hits you. The hobgoblin hits you. The hobgoblin hits you.
* * * LOW HITPOINT WARNING * * *
The hobgoblin barely misses you.
You closely miss the hobgoblin. The hobgoblin hits you.
* * * LOW HITPOINT WARNING * * *
You hit the hobgoblin.
The hobgoblin is almost dead.
The hobgoblin misses you.
You closely miss the hobgoblin.
The hobgoblin is almost dead.
The hobgoblin hits you.
You die...

............# #
.........####.# .#
#.####.......#
#.......#.....####
................
#..#.##..#)##.####
..................
#.##.g...#?####
#....@.........
......#...........
.#.#$.........###.
# #..........#
##.#.........
#.#.......###
............ ..
..........


You could see a hobgoblin.

Vanquished Creatures
  A ball python (D:1)
  A goblin (D:1)
  A bat (D:1)
3 creatures vanquished.

Notes
Turn   | Place    | Note
-------+----------+-------------------------------------------
     0 | D:1      | sircluck the Naga Berserker began the quest for the Orb.
     0 | D:1      | Reached XP level 1. HP: 21/21 MP: 1/1
   182 | D:1      | Slain by a hobgoblin

Illustrated notes

Levels and vault maps discovered:
D:1:      amcnicky_arrival_wind_blow, layout_basic,
          hellmonk_ecumenical_altar_pennies_from_heaven

Action                     || total
---------------------------++-------
  Melee: Falchion          ||    12
 Armour: Robe              ||     2
  Dodge: Dodged            ||    16

Table legend: (Time is in decaauts)
 A = Elapsed time spent in this place.
 B = Non-inter-level travel time spent in this place.
 C = Inter-level travel time spent in this place.
 D = Time resting spent in this place.
 E = Time spent auto-exploring this place.
 F = Levels seen in this place.
 G = Mean time per level.
                   A        B        C        D        E       F      G
               +--------+--------+--------+--------+--------+-----+--------+
         Total |    246 |    246 |      0 |      0 |      0 |   1 |  246.0 |
       Dungeon |    246 |    246 |      0 |      0 |      0 |   1 |  246.0 |
               +--------+--------+--------+--------+--------+-----+--------+

Top non-repeatable levels by time:
     D:1: 246 daAuts
